 Dungeon Crawl Stone Soup version 0.29.0-4-gdea44cf6ec (webtiles) character file.

Game seed: 3055728858391283671

22 qw the Sneak (level 2, -1/19 HPs)
             Began as a Gargoyle Delver on Sept 10, 2022.
             Slain by a black bear (2 damage)
             ... on level 4 of the Dungeon.
             The game lasted 00:00:06 (276 turns).

qw the Sneak (Gargoyle Delver)                       Turns: 276, Time: 00:00:06

Health: -1/19      AC:  5    Str: 15    XL:     2   Next: 91%
Magic:  2/2        EV: 11    Int: 10    God:
Gold:   0          SH:  0    Dex: 11    Spells: 1/1 levels left

rFire   . . .      SeeInvis .   a - +0 hand axe
rCold   . . .      Faith    .   (no shield)
rNeg    + . .      Spirit   .   b - +0 leather armour
rPois   inf        Reflect  .   (no helmet)
rElec   +          Harm     .   (no cloak)
rCorr   .          Rampage  .   (no gloves)
Will    .....                   (no boots)
Stlth   +++.......              (no amulet)
HPRegen 0.06/turn               (no ring)
MPRegen 0.08/turn               (no ring)

@: no status effects
A: sickness immunity, AC +2, negative energy resistance 1, electricity
resistance, torment resistance 1, petrification resistance
a: no special abilities


You were on level 4 of the Dungeon.
You visited 1 branch of the dungeon, and saw 2 of its levels.


Innate Abilities, Weirdness & Mutations

You are immune to sickness and miasma.
Your stone body is resilient. (AC +2)
You are immune to poison.
You resist negative energy. (rN+)
You are resistant to electric shocks. (rElec)
You are resistant to unholy torment.
You are immune to petrification.


   Skills:
 - Level 3.2 Fighting
 + Level 3.0 Axes
 - Level 1.5 Dodging
 - Level 5.4 Stealth


You had one spell level left.
You didn't know any spells.
Your spell library was empty.

Inventory:

Hand Weapons
 a - a +0 hand axe (weapon)
Armour
 b - a +0 leather armour (worn)
Wands
 g - a wand of digging (3)
Potions
 f - a potion of haste

Dungeon Overview and Level Annotations

Branches:
Dungeon (5/15)
 Temple: D:4-7

Altars:


Message History

You hear an angry growl.
An adder comes into view.
Found a stone staircase leading down.
You barely miss the adder.
You hear the rusting of a very distant drain.
The adder misses you.
You hit the adder.
The adder is heavily wounded.
The adder bites you but does no damage. The adder closely misses you.
You hit the adder.
The adder is heavily wounded.
The adder completely misses you.
You miss the adder.
The adder is heavily wounded.
The adder closely misses you. The adder bites you but does no damage.
You slash the adder!
You kill the adder!
A black bear comes into view.
Your Axes skill increases to level 3!
The black bear growls angrily.
You hit the black bear.
The black bear is lightly wounded.
The black bear barely misses you. x2; The black bear closely misses you.
You hit the black bear.
The black bear is lightly wounded.
The black bear bites you. The black bear misses you.
The black bear claws you but does no damage.
You hit the black bear but do no damage.
The black bear is lightly wounded.
The black bear bites you! The black bear closely misses you.
The black bear completely misses you.
You barely miss the black bear.
The black bear is lightly wounded.
The black bear bites you.
The black bear claws you but does no damage. x2
The black bear closely misses you. The black bear claws you. x2
You hit the black bear.
The black bear is heavily wounded.
The black bear bites you.
You die...

#.# #.# #.# #.# #.#
#.# ##### #.# #...#
#####.###...######. #
##<#.....%..@h....>.
#
##....#%###...#####..
# ##.:.###.# #...#
###..#.# #.# #####
##..##.# #.# #..###.#
#.# #.####.# #.#
.........#.#
######...


You could see a black bear.

Vanquished Creatures
  2 adders (D:4)
  2 jackals (D:4)
  A ball python (D:4)
5 creatures vanquished.

Notes
Turn   | Place    | Note
-------+----------+-------------------------------------------
     0 | D:5      | qw the Gargoyle Delver began the quest for the Orb.
     0 | D:5      | Reached XP level 1. HP: 14/14 MP: 1/1
     0 | D:5      | 0 ||| qw: Version: 0.1-a-116-g5d60599
     0 | D:5      | 0 ||| qw: Game counter: 8619
     0 | D:5      | 0 ||| qw: Always use a shield: true
     0 | D:5      | 0 ||| qw: God list: Okawaru
     0 | D:5      | 0 ||| qw: Allow faded altars: false
     0 | D:5      | 0 ||| qw: Do Orc after D:15 true
     0 | D:5      | 0 ||| qw: Do second Lair branch before Depths: true
     0 | D:5      | 0 ||| qw: Lair rune preference: random
     0 | D:5      | 0 ||| qw: Plans: Normal
     0 | D:5      | 0 ||| PLANNING D:1-11
     1 | D:5      | 1 ||| DROPPING scroll of fog.
     2 | D:5      | 2 ||| DROPPING scroll of magic mapping.
     3 | D:5      | 3 ||| DROPPING scroll of fear.
    13 | D:4      | 13 ||| PLANNING SEWER
    31 | D:4      | 31 ||| Stepping ~*~*~tactically~*~*~ (stealth).
    33 | D:4      | 33 ||| Stepping ~*~*~tactically~*~*~ (stealth).
    39 | D:4      | 39 ||| Stepping ~*~*~tactically~*~*~ (stealth).
    61 | D:4      | Reached XP level 2. HP: 7/19 MP: 2/2
   265 | D:4      | Noticed a black bear
   266 | D:4      | Reached skill level 3 in Axes
   275 | D:4      | HP: 4/19 [black bear (1)]
   275 | D:4      | HP: 1/19 [black bear (3)]
   276 | D:4      | Slain by a black bear

Levels and vault maps discovered:
D:4:      layout_basic, cheibrodos_sewer_entry_sluice, gammafunk_ghost_split
D:5:      layout_cave_pools, nicolae_uskayaw_murder_on_the_dancefloor,
          makhleb_heckhound_becter, serial_shops, shop, uniq_sigmund

Skill      XL: |  1  2 |
---------------+-------+-----
Axes           | 2 3 |  3.0
Fighting       | |  3.2
Dodging        | |  1.5
Stealth        | |  5.4

Action                   || total
-------------------------++-------
Melee: Hand axe          ||    28
Armor: Leather armour    ||    12
Dodge: Dodged            ||    23

Table legend:
 A = Non-vault XP
 B = Vault XP
 C = Vault XP percentage of total XP
 D = Non-vault monster count
 E = Vault monster count
 F = Vault count percentage of total count
                 A         B        C        D         E       F
            +---------+---------+-------+---------+---------+-------
      Total |      32 |       0 |   0.0 |       5 |       0 |   0.0
            +---------+---------+-------+---------+---------+-------
        D:4 |      32 |       0 |   0.0 |       5 |       0 |   0.0
            +---------+---------+-------+---------+---------+-------
